 Dungeon Crawl Stone Soup version 0.31-a0-1405-g2bb1a01664 (webtiles) character file.

Game seed: 842280183534110221

68173 Laraso the Shatterer (level 15, -30/163 HPs)
             Began as an Oni Cinder Acolyte on Dec 26, 2023.
             Was a Priest of Ignis.
             Annihilated by Saint Roka
             ... wielding a +0 great sword of electrocution
              (35 damage)
             ... on level 1 of the Orcish Mines.
             The game lasted 00:50:54 (26914 turns).

Laraso the Shatterer (Oni Cinder Acolyte)          Turns: 26914, Time: 00:50:54

Health: -30/163    AC: 27    Str: 27    XL:     15   Next: 25%
Magic:  21/24      EV:  9    Int: 25    God:    Ignis [***...]
Gold:   1733       SH:  0    Dex:  5    Spells: 10/26 levels left

rFire   + . .        a - +1 giant spiked club (chaos)
rCold   . . .        (shield currently unavailable)
rNeg    . . .        N - +5 steam dragon scales
rPois   .            (helmet restricted)
rElec   .            I - +0 cloak
rCorr   .            (gloves unavailable)
SInv    .            (boots unavailable)
Will    ++...        (no amulet)
Stlth   ++           e - +6 ring of strength
HPRegen 0.47/turn    E - +4 ring of protection
MPRegen 0.19/turn

%: no passive effects
@: fiery-armoured, studying Hexes
A: large, unfitting armour, horns 1, tough skin 1, double potion healing,
drunken brawling, iridescent scales 1, thin skeletal structure 1, clever 1,
strong-willed 1, robust 1
a: Renounce Religion, Fiery Armour, Foxfire Swarm, Rising Flame


You were on level 1 of the Orcish Mines.
You worshipped Ignis.
Ignis was most pleased with you.
You visited 3 branches of the dungeon, and saw 21 of its levels.
You also visited: Gauntlet.

You collected 2160 gold pieces.
You spent 427 gold pieces at shops.

Inventory:

Hand Weapons
 a - a +1 giant spiked club of chaos (weapon)
 b - a +2 heavy arbalest
Missiles
 S - a throwing net
Armour
 C - a scarf of harm
 I - a +0 cloak (worn)
 N - +5 steam dragon scales (worn)
Magical Staves
 F - a staff of conjuration
Jewellery
 e - a +6 ring of strength (left hand)
 m - a ring of protection from cold
 p - a ring of protection from fire
 r - a +6 ring of dexterity
 w - a ring of see invisible
 B - a ring of ice
 E - a +4 ring of protection (right hand)
 H - a ring of wizardry
Wands
 k - a wand of iceblast (31)
 l - a wand of mindburst (16)
 y - a wand of flame (39)
 z - a wand of polymorph (6)
 K - a wand of charming (12)
 T - a wand of digging (4)
Scrolls
 f - a scroll of enchant armour
 g - 4 scrolls of torment
 h - 2 scrolls of fog
 i - a scroll of butterflies
 n - 5 scrolls of vulnerability
 o - 3 scrolls of revelation
 q - 7 scrolls of teleportation
 x - 3 scrolls of noise
 D - 2 scrolls of fear
 J - a scroll of silence
 L - 8 scrolls of identify
 R - a scroll of amnesia
Potions
 c - a potion of mutation
 d - a potion of heal wounds
 j - a potion of might
 s - 2 potions of haste
 t - 4 potions of brilliance
 u - 2 potions of enlightenment
 A - a potion of ambrosia
 G - a potion of attraction
 M - 3 potions of curing
Miscellaneous
 O - a phantom mirror (inert)
 P - a phial of floods (inert)


   Skills:
 - Level 10.0 Fighting
 - Level 22.0 Maces & Flails
 - Level 7.4 Armour
 - Level 2.0 Dodging
 * Level 6.4 Spellcasting
 - Level 5.0 Hexes
 * Level 4.4 Summonings
 - Level 3.0 Fire Magic
 - Level 3.0 Air Magic


You had 10 spell levels left.
You knew the following spells:

 Your Spells              Type           Power      Damage    Failure   Level
a - Scorch                Fire           46%        2d6       3%          2
b - Summon Cactus Giant   Summ           15%        N/A       87%         6
c - Summon Mana Viper     Hex/Summ       31%        N/A       28%         5
s - Swiftness             Air            23%        N/A       6%          3

Your spell library contained the following spells:

 Spells                   Type           Power      Damage    Failure   Level
 Call Imp                 Summ           60%        N/A       1%          2
 Confusing Touch          Hex            33%        N/A       2%          3
 Shock                    Conj/Air       60%        1d6       3%          1
 Summon Guardian Golem    Hex/Summ       31%        N/A       3%          3
 Mercury Vapours          Alch/Air       30%        N/A       6%          2
 Static Discharge         Conj/Air       30%        3-5/arc   6%          2
 Freeze                   Ice            32%        1d5       7%          1
 Kiss of Death            Conj/Necr      32%        2d7       7%          1
 Necrotise                Necr           32%        1d5       7%          1
 Sandblast                Erth           16%        2d6       7%          1
 Sting                    Conj/Alch      32%        1d5       7%          1
 Cigotuvi's Dreadful Rot  Necr/Alch/Air  26%        N/A       7%          2
 Passwall                 Alch/Erth      6%         N/A       11%         2
 Airstrike                Air            11%        2d(2-18)  21%         4
 Frozen Ramparts          Ice            16%        1d3       22%         3
 Gell's Gravitas          Tloc           8%         N/A       22%         3
 Hailstorm                Conj/Ice       8%         3d5       22%         3
 Stone Arrow              Conj/Erth      16%        3d8       22%         3
 Vampiric Draining        Necr           8%         2d6       22%         3
 Animate Armour           Summ/Erth      38%        N/A       28%         4
 Silence                  Hex/Air        14%        N/A       36%         5
 Brom's Barrelling Bould  Conj/Erth      8%         2d3       56%         4
 Dispel Undead            Necr           8%         3d8       56%         4
 Olgreb's Toxic Radiance  Alch           8%         N/A       56%         4
 Summon Forest            Summ/Tloc      9%         N/A       61%         5
 Freezing Cloud           Conj/Ice/Air   6%         6-21      78%         5
 Agony                    Necr           8%         N/A       89%         5
 Irradiate                Conj/Alch      4%         3d13      89%         5
 Conjure Ball Lightning   Conj/Air       7%         3x3d6     99%         6
 Simulacrum               Ice/Necr       4%         N/A       100%        6
 Haunt                    Necr/Summ      9%         N/A       100%        7
 Orb of Destruction       Conj           4%         9d5       100%        7
 Ozocubu's Refrigeration  Ice            4%         4d8       100%        7
 Spellforged Servitor     Conj/Summ      9%         N/A       100%        7
 Borgnjor's Revivificati  Necr           4%         N/A       100%        8
 Discord                  Hex            16%        N/A       100%        8
 Death's Door             Necr           4%         N/A       100%        9
 Polar Vortex             Ice            4%         N/A       100%        9


Dungeon Overview and Level Annotations

Branches:
Dungeon (14/15)            Temple (0/1) D:6            Lair (5/5) D:11
 Shoals (0/4) Lair:2       Spider (0/4) Lair:3        Slime (0/5) Lair:5
    Orc (2/2) D:10         Vaults (0/5) D:14        Gauntlet (visited)
    Elf: Orc:2

Altars:
Elyvilon
Kikubaaqudgha
Makhleb
Okawaru
Sif Muna
Trog
Uskayaw
Jiyva

Shops:
D:9 !   D:11 !   D:12 !(:[

Portals:
Trove: D:11 (give +4 fire dragon scales)

Annotations:
D:13 3 runed translucent doors, exclusion: 2 downstairs, Wiilli's ghost, adept SpAl
D:14 Nessos; Rupert; Urug
Lair:2 3 runed translucent doors, Deiv's ghost, journeyman MiHu; Qoorahoc's ghost, journeyman MiBe; Ugeubom's ghost, journeyman DrSh; Walel's ghost, journeyman TeAE
Orc:1 Saint Roka
Orc:2 Donald


Innate Abilities, Weirdness & Mutations

You are too large for most types of armour.
You have a pair of small horns on your head.
You have tough skin. (AC +1)
You gain doubled healing and magic from potions.
Whenever you drink a healing potion, you attack all around you.
You are partially covered in iridescent scales. (AC +2)
You have a somewhat thin skeletal structure. (Dex +2, Stealth+)
Your mind is acute. (Int +4, Str/Dex -1)
You are strong-willed. (Will+)
You are robust. (+10% HP)


Message History

Your mana viper barely misses Saint Roka.
Unknown command.
You impale Saint Roka!! You drain Saint Roka. Your headbutt misses Saint Roka.
Saint Roka is moderately wounded.
Your mana viper bites Saint Roka but does no damage.
Saint Roka hits your mana viper with a +0 great sword of electrocution!!
Unknown command.
You hit Saint Roka but do no damage.
Saint Roka flies into a frenzy!
You headbutt Saint Roka, but do no damage.
Saint Roka is moderately wounded.
Your mana viper bites Saint Roka but does no damage.
Saint Roka hits your mana viper with a +0 great sword of electrocution!!!
Your mana viper dies!
Your mana viper disappears in a puff of smoke!
Saint Roka shouts!
Saint Roka attacks as they pursue you! Saint Roka closely misses you.
Saint Roka hits you with a +0 great sword of electrocution!
You puncture Saint Roka! You burn Saint Roka. Your headbutt misses Saint Roka.
Saint Roka is heavily wounded.
Saint Roka hits you with a +0 great sword of electrocution!!
* * * LOW HITPOINT WARNING * * *
You are electrocuted!
* * * LOW HITPOINT WARNING * * *
Saint Roka is burned by your cloak of flames.
Saint Roka is heavily wounded.
Okay, then.
Casting: Summon Mana Viper (dangerous; 28% risk of failure)
Confirm with . or Enter, or press ? or * to list all spells.
Okay, then.
Okay, then.
You take a swig of the potion and twirl your +1 giant spiked club of chaos.
You skewer Saint Roka like a kebab!!! You drain Saint Roka!
Saint Roka is severely wounded.
You savour every drop.
You feel much better.
Saint Roka hits you with a +0 great sword of electrocution!!!
* * * LOW HITPOINT WARNING * * *
Saint Roka is burned by your cloak of flames.
Saint Roka is severely wounded.
Saint Roka hits you with a +0 great sword of electrocution!!
You die...

##.###....##
##..........##
##.#..........#
#........#...##
###...........##
##.#............#
######...#...........#
#.#.#.#..............#
................@o>..#
..#.#.#.............##
.###................##
## ##................#
.######...#..#......##
...## ##.....#......#
....# ##...........#
...#####.##.........##
....##......#.##.....#


You could see the neutral Saint Roka (fast, strong, frenzied, drained).

Vanquished Creatures
  Frances (D:13)
  A minotaur (Gauntlet)
  A fire dragon (Lair:5)
  Fannar (D:12)
  3 hydras
  An ice dragon (Lair:5)
  3 two-headed ogres
  A centaur warrior (D:13)
  4 boulder beetles
  A soul eater (D:13)
  An orc high priest (Orc:2)
  A sun demon (D:13)
  3 skysharks
  Amaemon (Lair:2)
  3 sixfirhies (D:13)
  An orb spider (Lair:3)
  6 lindwurms (Lair:5)
  A deep elf pyromancer (D:13)
  Pikel (D:7)
  2 orc sorcerers
  A manticore (D:12)
  2 cyclopes
  An ugly thing (D:13)
  The ghost of BigPumpCobain the Ruffian, a novice TrSh (D:5)
  6 elephants (Lair:5)
  2 black mambas (Lair:5)
  2 kobold blastminers (Orc:2)
  2 smoke demons (D:13)
  2 rust devils (D:13)
  2 orange demons
  3 unseen horrors
  5 torpor snails (Lair:5)
  A gargoyle (D:12)
  15 cane toads
  2 kobold demonologists
  4 rime drakes
  5 ice devils
  An efreet (Gauntlet)
  14 komodo dragons
  Psyche (D:8)
  A red devil (D:13)
  3 trolls
  A merfolk (Lair:2)
  3 tyrant leeches (Lair:5)
  A queen bee (shapeshifter) (D:13)
  Grinder (D:4)
  12 blink frogs
  9 hornets
  2 slime creatures
  41 yaks
  A vampire (D:5)
  5 wyverns
  4 shadows
  2 fire elementals (Gauntlet)
  A wraith (D:9)
  4 neqoxecs (D:13)
  2 steam dragons
  4 basilisks
  2 wargs
  Menkaure (D:4)
  3 vampire mosquitoes (D:11)
  A chaos spawn (D:13)
  4 acid dragons
  15 water moccasins
  A hell hound (Gauntlet)
  A swamp drake (Lair:5)
  11 orc warriors
  2 sky beasts
  A black bear (Lair:2)
  16 wolves
  9 ogres
  3 phantoms
  2 lemures (D:7)
  5 centaurs
  2 kobold brigands (D:10)
  2 gnoll sergeants
  11 bullfrogs
  3 scorpions
  5 wights (D:5)
  16 killer bees
  2 electric eels (Lair:2)
  A vampire bat (D:5)
  5 howler monkeys
  A bombardier beetle (D:4)
  3 bullfrog zombies (D:5)
  6 hounds
  4 orc priests
  7 jellies
  A bullfrog skeleton (D:5)
  Ijyb (D:3)
  Jessica (D:2)
  Terence (D:1)
  9 iguanas
  2 sleepcaps
  9 orc wizards
  A howler monkey zombie (D:5)
  4 gnolls (D:10)
  6 adders
  A shadow imp (D:8)
  5 white imps
  2 ufetubi (D:6)
  3 dart slugs
  3 worms
  53 orcs
  4 bat skeletons (D:5)
  2 bat zombies (D:5)
  4 endoplasms
  3 giant cockroaches
  6 goblins
  4 hobgoblins
  2 quokkas (D:1)
  3 ball pythons
  4 bats
  2 frilled lizards
  7 kobolds
  2 rats
496 creatures vanquished.

Vanquished Creatures (collateral kills)
  A swamp dragon (Lair:5)
  A cane toad (Lair:4)
2 creatures vanquished.

Vanquished Creatures (others)
  An orc (Orc:2)
1 creature vanquished.

Grand Total: 499 creatures vanquished

Notes
Turn   | Place    | Note
-------+----------+-------------------------------------------
     0 | D:1      | Laraso the Oni Cinder Acolyte began the quest for the Orb.
     0 | D:1      | Reached XP level 1. HP: 24/24 MP: 2/2
   315 | D:1      | Reached XP level 2. HP: 32/32 MP: 2/4
   318 | D:1      | Learned a level 2 spell: Scorch
   538 | D:2      | Noticed Terence
   548 | D:1      | Killed Terence
   549 | D:1      | Reached XP level 3. HP: 24/39 MP: 1/6
   693 | D:2      | Found a shimmering blue altar of Sif Muna.
   709 | D:2      | Noticed Jessica
   715 | D:2      | Killed Jessica
   716 | D:2      | Reached skill level 4 in Maces & Flails
   716 | D:2      | Reached XP level 4. HP: 47/48 MP: 4/7
  1252 | D:3      | Reached XP level 5. HP: 54/54 MP: 6/9
  1307 | D:3      | Noticed an ogre
  1311 | D:3      | Killed an ogre
  1312 | D:3      | Reached skill level 5 in Maces & Flails
  1607 | D:3      | Gained mutation: You occasionally lose the ability to read
                  | scrolls when taking damage. [potion of mutation]
  1607 | D:3      | Gained mutation: You have a pair of horns on your head.
                  | [potion of mutation]
  1608 | D:3      | Lost mutation: You occasionally lose the ability to read
                  | scrolls when taking damage. [potion of mutation]
  1608 | D:3      | Lost mutation: You have a pair of horns on your head.
                  | [potion of mutation]
  1608 | D:3      | Gained mutation: A frigid envelope surrounds you and
                  | freezes all who hurt you. [potion of mutation]
  1608 | D:3      | Gained mutation: You are weak. (Str -2) [potion of
                  | mutation]
  1608 | D:3      | Gained mutation: Your flesh is cold resistant. (rC+)
                  | [potion of mutation]
  1608 | D:3      | Gained mutation: You are partially covered in iridescent
                  | scales. (AC +2) [potion of mutation]
  1802 | D:3      | Noticed Ijyb
  1809 | D:3      | Killed Ijyb
  1810 | D:3      | Reached XP level 6. HP: 62/62 MP: 1/10
  2301 | D:4      | Noticed Grinder
  2327 | D:4      | Paralysed by Grinder for 5 turns
  2332 | D:4      | Killed Grinder
  2333 | D:4      | Reached skill level 7 in Maces & Flails
  2437 | D:4      | Reached XP level 7. HP: 70/70 MP: 6/11
  2510 | D:4      | Found a hide-covered altar of Uskayaw.
  2720 | D:4      | Identified the +1 dagger of Meuttim {venom, rF+ rC+}
  2772 | D:4      | Noticed Menkaure
  2779 | D:4      | Killed Menkaure
  2780 | D:4      | Reached skill level 8 in Maces & Flails
  3142 | D:4      | Identified the +10 dagger of Neemirae {venom, ^Fragile
                  | rPois rN++ MP+9}
  3469 | D:5      | Entered Level 5 of the Dungeon
  3473 | D:5      | Identified the +4 flail "Orphoro" {pain, rElec rN+}
  3498 | D:5      | Found a white marble altar of Elyvilon.
  3624 | D:5      | Reached XP level 8. HP: 74/78 MP: 12/12
  3646 | D:5      | Reached skill level 9 in Maces & Flails
  3706 | D:5      | Found a runed translucent gate.
  3706 | D:5      | Found a runed translucent gate.
  3706 | D:5      | Found a runed translucent gate.
  3707 | D:5      | Noticed BigPumpCobain's ghost (novice TrSh)
  4040 | D:5      | Found an ancient bone altar of Kikubaaqudgha.
  4216 | D:5      | Reached skill level 10 in Maces & Flails
  4629 | D:5      | Killed BigPumpCobain's ghost
  4630 | D:5      | Reached skill level 11 in Maces & Flails
  4630 | D:5      | Reached XP level 9. HP: 18/84 MP: 11/13
  5085 | D:6      | Found a staircase to the Ecumenical Temple.
  5272 | D:6      | Reached skill level 12 in Maces & Flails
  6194 | D:6      | Reached skill level 13 in Maces & Flails
  7097 | D:7      | Reached XP level 10. HP: 91/92 MP: 14/14
  7152 | D:7      | Noticed Pikel
  7166 | D:7      | Killed Pikel
  7167 | D:7      | Reached skill level 14 in Maces & Flails
  7511 | D:7      | HP: 3/92 [orc warrior/+0 glaive (18)]
  8074 | D:8      | Noticed Psyche
  8247 | D:8      | Found a burning altar of Makhleb.
  8289 | D:8      | Killed Psyche
  8454 | D:8      | Reached skill level 15 in Maces & Flails
  8646 | D:8      | Noticed a two-headed ogre
  9016 | D:8      | Killed a two-headed ogre
  9070 | D:9      | Noticed a two-headed ogre
  9135 | D:9      | Reached skill level 16 in Maces & Flails
  9245 | D:8      | Reached XP level 11. HP: 82/100 MP: 15/15
  9317 | D:9      | Identified the +0 dagger "Seskobab" {drain, *Noise rPois
                  | Int+2}
  9469 | D:9      | Killed a two-headed ogre
  9501 | D:9      | Found Ahounywu's Distillery.
  9509 | D:9      | Bought a potion of heal wounds for 65 gold pieces
  9509 | D:9      | Bought a potion of heal wounds for 65 gold pieces
  9509 | D:9      | Bought a potion of heal wounds for 65 gold pieces
  9809 | D:9      | Found an iron altar of Okawaru.
  9880 | D:9      | Reached skill level 17 in Maces & Flails
 10395 | D:10     | Entered Level 10 of the Dungeon
 10987 | D:10     | Found a staircase to the Orcish Mines.
 11043 | D:10     | Noticed a sun demon
 11493 | D:10     | Noticed Sonja
 11495 | D:10     | Sonja changed into Sonja the worm
 11495 | D:10     | Noticed Sonja
 11498 | D:10     | Killed Sonja the worm
 11908 | D:11     | Found Zomifoy's Distillery.
 11914 | D:11     | Bought a potion of lignification for 42 gold pieces
 12007 | D:11     | Noticed a cyclops
 12012 | D:11     | Killed a cyclops
 12050 | D:11     | Noticed a boulder beetle
 12067 | D:11     | Killed a boulder beetle
 12068 | D:11     | Reached skill level 18 in Maces & Flails
 12216 | D:11     | Found a portal to a secret trove of treasure.
 12311 | D:11     | Found a staircase to the Lair.
 12484 | D:11     | Reached skill level 5 in Fighting
 12493 | D:11     | Noticed a boulder beetle
 12515 | D:11     | Killed a boulder beetle
 12516 | D:11     | Reached XP level 12. HP: 76/115 MP: 16/16
 12796 | Lair:1   | Entered Level 1 of the Lair of Beasts
 14143 | Lair:2   | Reached skill level 10 in Fighting
 14380 | Lair:2   | Noticed a boulder beetle
 14412 | Lair:2   | Killed a boulder beetle
 14531 | Lair:2   | Noticed a boulder beetle
 14552 | Lair:2   | Killed a boulder beetle
 14684 | Lair:2   | Noticed Amaemon
 14691 | Lair:2   | Noticed an eight-headed hydra
 14694 | Lair:2   | Killed Amaemon
 14701 | Lair:2   | Killed an eight-headed hydra
 14702 | Lair:2   | Reached skill level 19 in Maces & Flails
 14962 | Lair:2   | Noticed a skyshark
 14973 | Lair:2   | Killed a skyshark
 15042 | Lair:2   | Found a runed translucent gate.
 15067 | Lair:2   | Found a runed translucent gate.
 15068 | Lair:2   | Found a runed translucent gate.
 15198 | Lair:2   | Noticed Ugeubom's ghost (journeyman DrSh)
 15199 | Lair:2   | Noticed Walel's ghost (journeyman TeAE)
 15199 | Lair:2   | Noticed Qoorahoc's ghost (journeyman MiBe)
 15199 | Lair:2   | Noticed Deiv's ghost (journeyman MiHu)
 15294 | Lair:2   | Found a staircase to the Shoals.
 15876 | Lair:3   | Got the Cyclopedia of the Unstoppable Beasts
 15887 | Lair:3   | Reached XP level 13. HP: 118/133 MP: 17/17
 16414 | Lair:3   | Learned a level 3 spell: Swiftness
 16536 | Lair:3   | Reached skill level 20 in Maces & Flails
 16861 | Lair:3   | Found a hole to the Spider Nest.
 18038 | Lair:4   | Reached skill level 21 in Maces & Flails
 18562 | Lair:4   | Got the Commentary on Flinty Portals
 18776 | Lair:5   | Entered Level 5 of the Lair of Beasts
 18776 | Lair:5   | Found a gate leading to a gauntlet.
 18790 | Lair:5   | Found a staircase to the Slime Pits.
 18807 | Lair:5   | Found a viscous altar of Jiyva.
 19227 | Gauntlet | Entered a Gauntlet
 19227 | Gauntlet | Found a transporter.
 19227 | Gauntlet | Found a transporter.
 19227 | Gauntlet | Found a transporter.
 19228 | Gauntlet | Found a transporter.
 19229 | Gauntlet | Found a transporter.
 19232 | Gauntlet | Found a transporter.
 19239 | Gauntlet | Found a transporter.
 19241 | Gauntlet | Found a transporter.
 19241 | Gauntlet | Found a transporter.
 19243 | Gauntlet | Found a transporter.
 19251 | Gauntlet | Found a transporter.
 19252 | Gauntlet | Found a transporter.
 19619 | Gauntlet | HP: 7/199 [enormous slime creature (21)]
 19991 | Gauntlet | Noticed a minotaur
 20003 | Gauntlet | Killed a minotaur
 20004 | Gauntlet | Reached XP level 14. HP: 130/143 MP: 18/18
 20031 | Gauntlet | Got the Incunable of the Cooperative Sixfirhy
 20159 | Lair:5   | Reached skill level 22 in Maces & Flails
 20162 | Lair:5   | Reached skill level 1 in Armour
 20162 | Lair:5   | Reached skill level 1 in Dodging
 20532 | Lair:5   | Paralysed by a hornet for 3 turns
 21060 | Lair:5   | Reached skill level 5 in Armour
 21656 | Lair:5   | Identified the maw talisman "Wyggitu" {rElec rCorr}
 22338 | Lair:5   | Learned a level 6 spell: Summon Cactus Giant
 22344 | Lair:5   | Learned a level 5 spell: Summon Mana Viper
 22509 | D:12     | Found Namesafi's Book Shoppe.
 22595 | D:12     | Found Unimur's Weapon Boutique.
 22676 | D:12     | Found Sifetz's Distillery.
 22683 | D:12     | Noticed Fannar
 22694 | D:12     | Killed Fannar
 22695 | D:12     | Reached skill level 1 in Hexes
 22697 | D:12     | Bought a potion of ambrosia for 80 gold pieces
 22697 | D:12     | Bought a potion of heal wounds for 50 gold pieces
 22697 | D:12     | Bought a potion of curing for 30 gold pieces
 22697 | D:12     | Bought a potion of curing for 30 gold pieces
 22844 | D:12     | Reached skill level 1 in Summonings
 22844 | D:12     | Reached skill level 1 in Air Magic
 22932 | D:12     | Found Fiunuib's Armour Shoppe.
 23359 | D:13     | Found a runed translucent gate.
 23359 | D:13     | Found a runed translucent gate.
 23359 | D:13     | Found a runed translucent gate.
 23367 | D:13     | Noticed Wiilli's ghost (adept SpAl)
 23413 | D:13     | Noticed Frances
 23423 | D:13     | Killed Frances
 24001 | D:13     | Reached XP level 15. HP: 132/149 MP: 22/22
 24213 | D:13     | Reached skill level 5 in Spellcasting
 24245 | D:13     | Gained mutation: You occasionally lose the ability to drink
                  | potions when taking damage. [a neqoxec]
 24392 | D:13     | Lost mutation: A frigid envelope surrounds you and freezes
                  | all who hurt you. [potion of mutation]
 24392 | D:13     | Lost mutation: You are weak. (Str -2) [potion of mutation]
 24392 | D:13     | Lost mutation: You occasionally lose the ability to drink
                  | potions when taking damage. [potion of mutation]
 24392 | D:13     | Gained mutation: You have a somewhat thin skeletal
                  | structure. (Dex +2, Stealth+) [potion of mutation]
 24392 | D:13     | Gained mutation: You are occasionally teleported next to
                  | monsters. [potion of mutation]
 24392 | D:13     | Gained mutation: Your mind is acute. (Int +4, Str/Dex -1)
                  | [potion of mutation]
 24393 | D:13     | Lost mutation: Your flesh is cold resistant. (rC+) [potion
                  | of mutation]
 24393 | D:13     | Lost mutation: You are occasionally teleported next to
                  | monsters. [potion of mutation]
 24393 | D:13     | Gained mutation: You are strong-willed. (Will+) [potion of
                  | mutation]
 24393 | D:13     | Gained mutation: You are robust. (+10% HP) [potion of
                  | mutation]
 24945 | D:13     | Reached skill level 5 in Hexes
 25225 | D:14     | Noticed Nessos
 25225 | D:14     | Noticed Rupert
 25225 | D:14     | Noticed Urug
 25225 | D:14     | Found a gate to the Vaults.
 25483 | Orc:1    | Entered Level 1 of the Orcish Mines
 25621 | Orc:1    | Found a bloodstained altar of Trog.
 25749 | Orc:2    | Entered Level 2 of the Orcish Mines
 25870 | Orc:2    | Found a burning altar of Makhleb.
 25973 | Orc:2    | Noticed Donald
 26727 | Orc:2    | Noticed Saint Roka
 26913 | Orc:1    | HP: 7/163 [Saint Roka/+0 great sword of electrocution (17)]
 26914 | Orc:1    | Annihilated by Saint Roka

Illustrated notes

Levels and vault maps discovered:
D:1:      dpeg_arrival_simpleton_a, layout_basic
D:2:      layout_rooms, basic_altar, dk_noncrumbling_2, uniq_jessica,
          uniq_terence
D:3:      layout_rooms, serial_co_window_serial, co_window_corner_a,
          co_window_paths_a, co_window_paths_a, co_window_paths_a,
          co_window_paths_b, co_window_of_opportunity_a, co_window_broadway_b,
          co_window_of_opportunity_c, co_window_unsneaky_path_d,
          co_window_unsneaky_path_a, co_window_4corner_b, glass_columns_c,
          glass_columns_c, corexii_hall_statues_s, kennysheep_generic_room_9,
          uniq_ijyb
D:4:      layout_gridville, old_standard_altar, uniq_menkaure, uniq_grinder
D:5:      layout_loops_ring, old_standard_altar, kennysheep_vampire_church,
          gammafunk_ghost_necromancy, grunt_ministairs_4
D:6:      layout_loops_corners, minmay_temple_entry_slanted, minmay_hedge_maze,
          corner_web_ring, minmay_manual_monstrance
D:7:      layout_basic, uniq_pikel
D:8:      layout_cave_pools, kennysheep_mini, uniq_psyche
D:9:      layout_long_grid, kennysheep_okawaru_gauntlet, serial_shops, shop
D:10:     layout_stronghold, kennysheep_orc_monster_closet_entryway,
          kennysheep_donut, uniq_sonja
D:11:     layout_roguey, lair_entry_dummy, serial_shops, shop,
          nicolae_trove_entry_crystal
D:12:     layout_basic, serial_shops, nicolae_diamond_shop, shop,
          nicolae_square_shop, shop, uniq_fannar
D:13:     layout_irregular_city, maelrawn_ghost_gauntlet_escape, serial_demonic,
          serial_demonic_c, serial_demonic_a, serial_demonic_b,
          serial_demonic_f, serial_demonic_c, serial_demonic_f,
          serial_demonic_b, serial_demonic_e, serial_demonic_d,
          serial_demonic_b, uniq_frances
D:14:     layout_loops_corners, david_vaults_3, gammafunk_ghost_smash,
          grunt_dithmenos_smoke, uniq_azrael
Lair:1:   layout_misc_corridors
Lair:2:   beast_lair_carwin_large_2, layout_regular_city,
          elwin_shoals_entry_rooms, gammafunk_ghost_cemetery, uniq_amaemon
Lair:3:   layout_loops_ring, nicolae_spider_entry_orb_guardian,
          grunt_megastairs_2, uniq_urug
Lair:4:   layout_loops_ring, grunt_megastairs_4
Lair:5:   guppyfry_lair_end_dragon, layout_gridlike, wormcave,
          minmay_slime_entry_pillars, gauntlet_entry_generic, st_stairs_11,
          minmay_lindwurm_lava
Orc:1:    layout_caves, basic_altar
Orc:2:    grunt_orc_community_town_hall, layout_caves,
          grunt_orc_community_big_house_1, grunt_orc_community_big_house_2,
          grunt_orc_community_house_2, grunt_orc_community_house_2,
          grunt_orc_community_house_1, grunt_orc_community_house_3,
          grunt_orc_community_house_1, grunt_orc_community_house_1, basic_altar,
          uniq_donald, uniq_saint_roka

Skill      XL: |  1  2  3  4  5  6  7  8  9 10 11 12 13 14 15 |
---------------+----------------------------------------------+-----
Spellcasting   | 2 3 4 6 |  6.4
Fire Magic     | 3 |  3.0
Maces & Flails | 4 5 7 8 11 13 16 18 19 21 22 | 22.0
Fighting       | 6 10 | 10.0
Armour         | 7 |  7.4
Dodging        | 2 |  2.0
Hexes          | 4 5 |  5.0
Summonings     | 2 4 |  4.4
Air Magic      | 2 3 |  3.0

Action                     |  1- 3 |  4- 6 |  7- 9 | 10-12 | 13-15 || total
---------------------------+-------+-------+-------+-------+-------++-------
  Melee: Mace              |    42 |    19 |    13 |       |       ||    74
         Headbutt          |     4 |     5 |    18 |    72 |   131 ||   230
         Flail             |       |       |   109 |    75 |       ||   184
         Punch             |       |       |     1 |     2 |       ||     3
         Giant club        |       |       |       |   338 |    81 ||   419
         Giant spiked club |       |       |       |       |   635 ||   635
   Fire: Arbalest          |       |       |       |       |     1 ||     1
   Cast: Scorch            |     4 |    31 |    73 |    76 |     9 ||   193
         Summon Mana Viper |       |       |       |       |     1 ||     1
 Invoke: Fiery Armour      |     1 |       |     2 |       |     4 ||     7
  Evoke: Wand              |       |       |       |     2 |     7 ||     9
         Phantom mirror    |       |       |       |       |     1 ||     1
         Phial of floods   |       |       |       |       |     1 ||     1
    Use: Scroll            |     2 |     2 |     5 |    15 |    13 ||    37
         Potion            |       |     2 |     1 |     4 |    12 ||    19
   Stab: Petrifying        |       |       |       |       |     1 ||     1
         Paralysed         |       |       |       |       |     1 ||     1
         Invisible         |       |       |       |       |     2 ||     2
         Confused          |       |       |       |       |     1 ||     1
 Armour: Robe              |    39 |    19 |   151 |   283 |   191 ||   683
         Skin              |       |       |       |    58 |    27 ||    85
         Steam dragon scal |       |       |       |       |   366 ||   366
  Dodge: Dodged            |    29 |    15 |    72 |   152 |   218 ||   486

Table legend: (Time is in decaauts)
 A = Elapsed time spent in this place.
 B = Non-inter-level travel time spent in this place.
 C = Inter-level travel time spent in this place.
 D = Time resting spent in this place.
 E = Time spent auto-exploring this place.
 F = Levels seen in this place.
 G = Mean time per level.
                   A        B        C        D        E       F      G
               +--------+--------+--------+--------+--------+-----+--------+
         Total |  26640 |  25594 |   1046 |   7912 |  13207 |  22 | 1210.9 |
       Dungeon |  15687 |  14910 |    777 |   3991 |   8688 |  14 | 1120.5 |
          Lair |   8711 |   8483 |    228 |   2828 |   4078 |   5 | 1742.2 |
  Orcish Mines |   1406 |   1366 |     40 |    724 |    302 |   2 |  703.0 |
      Gauntlet |    835 |    835 |      0 |    369 |    139 |   1 |  835.0 |
               +--------+--------+--------+--------+--------+-----+--------+

Top non-repeatable levels by time:
  Lair:5: 2441 daAuts
    D:13: 1896 daAuts
  Lair:2: 1882 daAuts
     D:5: 1877 daAuts
  Lair:3: 1845 daAuts
     D:6: 1762 daAuts
     D:9: 1314 daAuts
  Lair:4: 1313 daAuts
    D:10: 1286 daAuts
  Lair:1: 1228 daAuts
     D:7: 1221 daAuts
     D:4: 1180 daAuts
     D:3: 1060 daAuts
    D:11: 994 daAuts
   Orc:1: 994 daAuts
